 Dungeon Crawl Stone Soup version 0.30-a0-634-g8abc85282e (webtiles) character file.

Game seed: 8781265305891281101

366 holysushi the Cutter (level 6, -2/42 HPs)
             Began as an Octopode Monk on Jan 15, 2023.
             Slain by an ogre
             ... wielding a +0 giant club
              (34 damage)
             ... on level 5 of the Dungeon.
             The game lasted 00:03:39 (3448 turns).

holysushi the Cutter (Octopode Monk)                Turns: 3448, Time: 00:03:40

Health: -2/42      AC:  8    Str: 10    XL:     6   Next: 68%
Magic:  6/6        EV: 14    Int: 12    God:
Gold:   215        SH:  0    Dex: 17    Spells: 2/5 levels left

rFire   . . .      SeeInvis .    f - +2 short sword (protect)
rCold   . . .      Faith    .    (no shield)
rNeg    . . .      Spirit   .    (helmet restricted)
rPois   .          Reflect  .    p - amulet of magic regeneration
rElec   .          Harm     .    k - ring of resist corrosion
rCorr   +          Rampage  .    (no ring)
Will    .....                    (no ring)
Stlth   +++                      (no ring)
HPRegen 0.27/turn                (no ring)
MPRegen 0.50/turn                (no ring)
                                 (no ring)
                                 (no ring)

@: under a protective aura
A: almost no armour, amphibious, 8 rings, camouflage 1, gelatinous body 1,
(nimble swimmer 1), tentacles
a: no special abilities


You were on level 5 of the Dungeon.
You visited 1 branch of the dungeon, and saw 5 of its levels.

You collected 215 gold pieces.

Inventory:

Hand Weapons
 e - a +0 rapier
 f - a +2 short sword of protection (weapon)
Missiles
 i - 2 throwing nets (quivered)
Jewellery
 k - a ring of resist corrosion (left tentacle)
 p - an amulet of magic regeneration (around mantle)
Wands
 o - a wand of flame (12)
Scrolls
 d - a scroll of blinking
 n - 3 scrolls of identify
 q - a scroll of fear
 s - 2 scrolls of vulnerability {unknown}
Potions
 a - a potion of cancellation
 b - a potion of ambrosia
 c - 2 potions of lignification
 g - 2 potions of mutation
 h - a potion of berserk rage
 j - 2 potions of curing
 l - a potion of resistance
 m - a potion of heal wounds
 r - 2 potions of haste


   Skills:
 - Level 3.0 Fighting
 * Level 7.0 Short Blades
 - Level 3.0 Dodging
 - Level 2.6 Stealth
 - Level 1.0 Conjurations
 - Level 1.0 Hexes


You had 2 spell levels left.
You knew the following spells:

 Your Spells              Type           Power      Damage    Failure   Level
a - Dazzling Flash        Conj/Hex       4%         N/A       54%         3

Your spell library contained the following spells:

 Spells                   Type           Power      Damage    Failure   Level
 Shock                    Conj/Air       4%         1d3       26%         1
 Swiftness                Air            0%         N/A       69%         3
 Iskenderun's Mystic Bla  Conj/Tloc      1%         2d3       95%         4
 Airstrike                Air            0%         2d(0-16)  97%         4
 Starburst                Conj/Fire      0%         6d3       100%        6


Dungeon Overview and Level Annotations

Branches:
Dungeon (5/15) Zot: 26510
 Temple: D:4-7

Altars:
Cheibriados
Elyvilon
Fedhas
Kikubaaqudgha
Qazlal
Zin


Innate Abilities, Weirdness & Mutations

You cannot wear most types of armour.
You are amphibious.
You can wear up to eight rings at the same time.
Your skin changes colour to match your surroundings (Stealth+).
Your rubbery body absorbs attacks. (AC +1, EV +1)
((You are camouflaged when in or above water. (Stealth+)))
You have tentacles for arms and can constrict up to eight enemies at once.


Message History

An ogre is nearby!
An ogre is nearby!
An ogre is nearby!
An ogre is nearby!
Found a notched pearl ring.
The ogre shouts!
The ogre barely misses you.
You hit the ogre.
Your weapon exudes an aura of protection.
You squeeze the ogre, but do no damage.
The ogre is lightly wounded.
You hit the ogre.
The ogre is lightly wounded.
You hit the ogre.
The ogre is moderately wounded.
The ogre barely misses you.
You hit the ogre but do no damage. You squeeze the ogre, but do no damage.
The ogre is moderately wounded.
You hit the ogre.
The ogre is heavily wounded.
You hit the ogre.
The ogre is heavily wounded.
The ogre closely misses you.
You hit the ogre but do no damage.
Your tentacle-slap misses the ogre.
The ogre is heavily wounded.
You completely miss the ogre. You squeeze the ogre.
The ogre is heavily wounded.
The ogre barely misses you.
You hit the ogre.
The ogre is severely wounded.
You hit the ogre.
The ogre is almost dead.
The ogre hits you with a +0 giant club!
You hit the ogre.
The ogre is almost dead.
You hit the ogre but do no damage.
The ogre is almost dead.
The ogre hits you with a +0 giant club!!
Ouch! That really hurt!
You die...

##.# #.# #.. #.# #..#
#.# ..# #.# ... ##.#
###.# . ##.# #...# ...
.#.#########...####.....
................@O'.....
.#.#####.###...####..=..
##.# #...# .... ##.#
#.#.# ... ##.# #.###.#.#
... #..# #.......# #'#
#.## #####.### #.# #.#
#.# #.####### #.# #.#
#####........


You could see an ogre.

Vanquished Creatures
  A scorpion (D:3)
  A necrophage (D:4)
  3 hounds
  An iguana (D:5)
  7 adders
  An ufetubus (D:4)
  A dart slug (D:2)
  4 orcs (D:3)
  6 endoplasms
  4 giant cockroaches
  8 goblins
  2 hobgoblins
  2 jackals (D:1)
  4 kobolds
  4 quokkas
  6 ball pythons
  A bat (D:1)
  8 frilled lizards
  3 rats
  5 rat zombies (D:3)
72 creatures vanquished.

Notes
Turn   | Place    | Note
-------+----------+-------------------------------------------
     0 | D:1      | holysushi the Octopode Monk began the quest for the Orb.
     0 | D:1      | Reached XP level 1. HP: 16/16 MP: 1/1
   147 | D:1      | Reached XP level 2. HP: 21/21 MP: 2/2
   976 | D:2      | Reached skill level 4 in Short Blades
  1033 | D:2      | Reached XP level 3. HP: 26/26 MP: 3/3
  1252 | D:2      | Found a glowing silver altar of Zin.
  1953 | D:3      | Found an ancient bone altar of Kikubaaqudgha.
  1957 | D:3      | Reached XP level 4. HP: 31/31 MP: 4/4
  1973 | D:3      | Noticed a scorpion
  1976 | D:3      | Killed a scorpion
  1977 | D:3      | Reached skill level 5 in Short Blades
  1977 | D:3      | Reached XP level 5. HP: 36/36 MP: 5/5
  2000 | D:3      | Found a stormy altar of Qazlal.
  2004 | D:3      | Found a blossoming altar of Fedhas.
  2129 | D:3      | Found a faded altar of an unknown god.
  2353 | D:3      | Learned a level 3 spell: Dazzling Flash
  2588 | D:4      | Reached skill level 1 in Conjurations
  2588 | D:4      | Reached skill level 1 in Hexes
  2591 | D:4      | Reached skill level 6 in Short Blades
  2796 | D:4      | Reached XP level 6. HP: 32/42 MP: 6/6
  2948 | D:5      | Entered Level 5 of the Dungeon
  2948 | D:5      | Found a snail-covered altar of Cheibriados.
  3194 | D:5      | Reached skill level 7 in Short Blades
  3221 | D:5      | Found a white marble altar of Elyvilon.
  3448 | D:5      | Slain by an ogre

Illustrated notes

Levels and vault maps discovered:
D:1:      psy_arrival_radial01, layout_basic, minmay_door_square
D:2:      layout_rooms, basic_altar
D:3:      layout_loops_corners, lemuel_zombie_altar_kikubaaqudgha,
          grunt_temple_overflow_forces_of_nature,
          shapermc_ecumenical_altar_mp_urbaneastern
D:4:      layout_basic
D:5:      layout_loops_corners, elyvilon_altar_1, lemuel_crystal_altar,
          uniq_duvessa

Skill      XL: |  1  2  3  4  5  6 |
---------------+-------------------+-----
Short Blades   | 4 5 6 7 |  7.0
Conjurations   | 1 |  1.0
Hexes          | 1 |  1.0
Fighting       | |  3.0
Dodging        | |  3.0
Stealth        | |  2.6

Action                   |  1- 3 |  4- 6 || total
-------------------------+-------+-------++-------
Melee: Short sword       |    72 |    89 ||   161
       Constrict         |    17 |    16 ||    33
       Tentacles         |     8 |    19 ||    27
       Punch             |       |     1 ||     1
  Use: Scroll            |     6 |     7 ||    13
 Stab: Sleeping          |    19 |     5 ||    24
Armor: Skin              |     4 |    14 ||    18
Dodge: Dodged            |    31 |    46 ||    77

Table legend: (Time is in decaauts)
 A = Elapsed time spent in this place.
 B = Non-inter-level travel time spent in this place.
 C = Inter-level travel time spent in this place.
 D = Time resting spent in this place.
 E = Time spent auto-exploring this place.
 F = Levels seen in this place.
 G = Mean time per level.
                   A        B        C        D        E       F      G
               +--------+--------+--------+--------+--------+-----+--------+
         Total |   3405 |   3368 |     37 |    170 |   2585 |   5 |  681.0 |
       Dungeon |   3405 |   3368 |     37 |    170 |   2585 |   5 |  681.0 |
               +--------+--------+--------+--------+--------+-----+--------+

Top non-repeatable levels by time:
     D:3: 961 daAuts
     D:1: 950 daAuts
     D:4: 569 daAuts
     D:5: 488 daAuts
     D:2: 436 daAuts
